 Dungeon Crawl Stone Soup version 0.19.0-11-g3fc08b3 (webtiles) character file.

9114 Haldmier the Archer (level 11, -8/60 HPs)
             Began as a Deep Elf Hunter on Nov 9, 2016.
             Was a High Priest of Okawaru.
             Mangled by an earth elemental (24 damage)
             ... in a labyrinth.
             The game lasted 02:36:18 (23735 turns).

Haldmier the Archer (Deep Elf Hunter)              Turns: 23735, Time: 02:36:18

Health: -8/60      AC:  8    Str: 10    XL:     11   Next: 18%
Magic:  0/19       EV: 16    Int: 17    God:    Okawaru [*****.]
Gold:   887        SH:  0    Dex: 17    Spells: 5 memorised, 6 levels left

rFire  . . .     SeeInvis .     a - +2 falchion (slice)
rCold  . . .     Gourm    .     m - +1 robe {rN+}
rNeg   + . .     Faith    .     (no shield)
rPois  .         Spirit   +     J - +0 helmet
rElec  .         Reflect  .     R - +1 cloak
rCorr  .         Harm     .     (no gloves)
MR     +....                    H - +1 pair of boots
Stlth  +++++.....               E - amulet of guardian spirit
                                Y - ring of wizardry
                                D - +3 ring of evasion

@: no status effects
A: no striking features
a: Heroism, Finesse, Renounce Religion


You were in a labyrinth.
You worshipped Okawaru.
Okawaru was extremely pleased with you.
You were not hungry.

You visited 3 branches of the dungeon, and saw 14 of its levels.
You also visited: Labyrinth, Sewer and Ossuary.

You collected 887 gold pieces.

Inventory:

Hand Weapons
 a - a +2 falchion of slicing (weapon)
 b - a +2 shortbow
 T - a +2 great sword
Missiles
 d - 147 arrows
Armour
 m - a +1 robe of positive energy (worn)
 H - a +1 pair of boots (worn)
 J - a +0 helmet (worn)
 Q - a +1 robe of cold resistance
 R - a +1 cloak (worn)
 S - the +5 chain mail of the Wilderness {Int+5}
   (You found it on level 10 of the Dungeon)

   It affects your intelligence (+5).
Jewellery
 w - an uncursed ring of flight
 D - a +3 ring of evasion (left hand)
 E - an amulet of guardian spirit (around neck)
 O - an uncursed ring of resist corrosion
 U - a cursed amulet of inaccuracy
 Y - a ring of wizardry (right hand)
Wands
 j - a wand of random effects (21/48)
 y - a wand of flame (13/48)
 M - a wand of confusion (22/48)
 X - a wand of iceblast (4/15)
 Z - a wand of polymorph (10/24)
Scrolls
 c - a scroll of vulnerability {unknown}
 g - 3 scrolls of fog {unknown}
 h - 6 scrolls of enchant weapon
 l - 3 scrolls of random uselessness {unknown}
 q - 4 scrolls of remove curse
 u - 6 scrolls of teleportation
 v - 3 scrolls of noise {unknown}
 B - 2 scrolls of blinking {unknown}
 I - a scroll of fear {unknown}
 L - a scroll of holy word {unknown}
 N - 2 scrolls of immolation {unknown}
 W - 3 scrolls of identify
Potions
 i - 4 potions of heal wounds
 k - a potion of magic
 o - 2 potions of brilliance
 p - a potion of invisibility
 r - 3 potions of haste
 t - 4 potions of curing
 x - 7 potions of lignification
 z - a potion of cure mutation
 A - 2 potions of might
 F - 7 potions of flight
 G - 5 potions of agility
 P - a potion of ambrosia
Books
 e - a book of Maledictions

   Spells                             Type                      Level
   a - Corona                         Hexes                        1
   b - Ensorcelled Hibernation        Hexes/Ice                    2
   c - Confuse                        Hexes                        3
   d - Tukima's Dance                 Hexes                        3
   e - Dazzling Spray                 Conjuration/Hexes            3
 C - a book of Changes

   Spells                             Type                      Level
   a - Beastly Appendage              Transmutation                1
   b - Sticks to Snakes               Transmutation                2
   c - Spider Form                    Transmutation/Poison         3
   d - Ice Form                       Ice/Transmutation            4
   e - Blade Hands                    Transmutation                5
Miscellaneous
 K - a box of beasts
 V - a disc of storms
Comestibles
 f - 6 bread rations
 n - 6 meat rations
 s - 10 fruits


   Skills:
 - Level 3.0 Fighting
 - Level 7.3 Long Blades
 + Level 11.0 Bows
 - Level 3.0 Dodging
 - Level 10.1 Stealth
 - Level 4.0 Spellcasting
 - Level 4.0 Conjurations
 + Level 9.0 Hexes
 - Level 3.1 Ice Magic


You had 6 spell levels left.
You knew the following spells:

 Your Spells              Type           Power        Failure   Level  Hunger
a - Corona                Hex            ####...      1%          1    None
b - Ensorcelled Hibernat  Hex/Ice        ###...       1%          2    ##.....
c - Confuse               Hex            ####....     1%          3    ###....
d - Tukima's Dance        Hex            ####....     1%          3    ###....
e - Dazzling Spray        Conj/Hex       ####..       1%          3    ###....


Dungeon Overview and Level Annotations

Branches:
Dungeon (11/15)            Temple (1/1) D:6            Lair (2/6) D:11
    Orc (0/2) D:10
  Swamp: Lair:2-4    Shoals: Lair:2-4     Snake: Lair:2-4    Spider: Lair:2-4

Altars:
Ashenzari
Cheibriados
Dithmenos
Elyvilon
Fedhas
Gozag
Hepliaklqana
Kikubaaqudgha
Makhleb
Nemelex Xobeh
Okawaru
Qazlal
Ru
Sif Muna
Trog
Uskayaw
Vehumet
Xom
Yredelemnul
Zin
The Shining One

Shops:
D:10 [

Annotations:
D:3 barbarian's ghost, amateur DEFE
D:4 Nasty Ghost , emikaela's ghost, amateur DEHu
D:6 Edmund
D:9 exclusion: orc warrior
D:10 exclusion: gargoyle
D:11 exclusions: troll and ugly thing


Message History

You barely miss the earth elemental.
The earth elemental is almost destroyed.
You hit the earth elemental but do no damage.
The earth elemental is almost destroyed.
The earth elemental closely misses you.
You hit the earth elemental but do no damage.
The earth elemental is almost destroyed.
You hit the earth elemental.
The earth elemental is almost destroyed.
The earth elemental hits you!
* * * LOW HITPOINT WARNING * * *
You hit the earth elemental but do no damage.
The earth elemental is almost destroyed.
The earth elemental misses you.
You hit the earth elemental but do no damage.
The earth elemental is almost destroyed.
You hit the earth elemental but do no damage.
The earth elemental is almost destroyed.
The earth elemental hits you!!
You die...

## # # # ..
...# #...≈§≈
≈... # #
#...§## ≈.###
#.... ...§#
.§# #. ##.#.[
# [.### #.#..
.....
#.#.≈###≈.#.
#...≈≈≈≈≈§#.#
##..@E...#
#.#.....#
#.#.###.#
.... # ###.##
#.# ###


You could see an earth elemental.

Vanquished Creatures
  A black mamba (Lair:1)
  2 spiny frogs
  4 komodo dragons (Lair:1)
  2 hippogriffs
  A wyvern (D:11)
  2 redbacks (Lab)
  2 yaks
  A hungry ghost (Lab)
  4 water moccasins
  A porcupine (Lair:1)
  4 orc warriors
  A sky beast (D:8)
  A black bear (Lair:1)
  2 ogres
  12 wolves
  3 centaurs
  2 crocodiles
  Blork the orc (D:5)
  6 bullfrogs
  A wyvern zombie (Ossuary)
  4 scorpions
  10 wights
  4 killer bees
  9 howler monkeys
  4 electric eels
  A centaur zombie (Ossuary)
  3 bullfrog zombies
  A crimson imp (D:3)
  A jelly (D:7)
  5 hounds
  A quasit (D:10)
  4 orc priests
  Crazy Yiuf (D:4)
  5 orc wizards
  A bullfrog skeleton (D:7)
  Ijyb (D:2)
  5 iguanas
  Natasha (thrice) (D:2)
  4 hell rats (Lair:1)
  8 worker ants
  2 hound zombies
  2 hound skeletons
  3 mummies (Ossuary)
  3 worker ant zombies
  8 adders
  9 gnolls
  A shadow imp (D:11)
  5 oozes
  An adder zombie (Ossuary)
  7 worms
  3 dart slugs
  10 leopard geckos
  30 orcs
  8 ball pythons
  13 bats
  5 giant cockroaches
  2 hobgoblins
  18 jackals
  2 quokkas
  A ball python skeleton (D:4)
  7 frilled lizards
  8 goblins
  2 jackal zombies (Ossuary)
  10 kobolds
  A leopard gecko skeleton (D:5)
  A quokka skeleton (D:9)
  A quokka zombie (D:4)
  9 rats
  A spectral orc (D:6)
  A fungus (D:4)
  A plant (Lair:1)
303 creatures vanquished.

Notes
Turn   | Place    | Note
-------+----------+-------------------------------------------
     0 | D:1      | Haldmier the Deep Elf Hunter began the quest for the Orb.
     0 | D:1      | Reached XP level 1. HP: 12/12 MP: 3/3
   215 | D:1      | Reached XP level 2. HP: 16/17 MP: 4/4
  1182 | D:2      | Noticed Ijyb
  1214 | D:2      | Noticed Natasha
  1272 | D:2      | Killed Natasha
  1272 | D:2      | Reached XP level 3. HP: 22/22 MP: 5/5
  1475 | D:2      | Reached XP level 4. HP: 27/27 MP: 6/6
  1503 | D:2      | HP: 1/27 [rat (1)]
  2172 | D:2      | Noticed Natasha
  2177 | D:2      | Killed Natasha
  2177 | D:2      | Reached skill level 5 in Bows
  2179 | D:2      | Found a faded altar of an unknown god.
  2566 | D:2      | Noticed Natasha
  2568 | D:2      | Killed Natasha
  2568 | D:2      | Reached XP level 5. HP: 22/32 MP: 7/7
  2728 | D:2      | Killed Ijyb
  3349 | D:3      | Noticed barbarian's ghost (amateur DEFE)
  3626 | D:3      | Found a glowing drain.
  3630 | Sewer    | Entered a sewer
  3636 | Sewer    | Reached XP level 6. HP: 16/37 MP: 8/8
  4630 | D:3      | You fall through a shaft for 3 floors!
  4708 | D:5      | Entered Level 5 of the Dungeon
  4794 | D:5      | Reached skill level 6 in Bows
  4794 | D:5      | Reached skill level 5 in Stealth
  4994 | D:5      | Noticed Blork the orc
  5759 | D:3      | Found a hide-covered altar of Uskayaw.
  5759 | D:3      | Found a bloodstained altar of Trog.
  5864 | D:3      | Found a faded altar of an unknown god.
  5864 | D:3      | Found a faded altar of an unknown god.
  5874 | D:3      | Found a faded altar of an unknown god.
  5876 | D:3      | Found an iron altar of Okawaru.
  5877 | D:3      | Found a faded altar of an unknown god.
  5896 | D:3      | Became a worshipper of Warmaster Okawaru
  6159 | D:4      | Found an opulent altar of Gozag.
  6731 | D:4      | Noticed emikaela's ghost (amateur DEHu)
  6953 | D:4      | Found a sparkling altar of Nemelex Xobeh.
  7256 | D:4      | Noticed a sky beast
  7526 | D:4      | Reached XP level 7. HP: 41/41 MP: 9/9
  7638 | D:5      | Found a blossoming altar of Fedhas.
  7654 | D:5      | Reached skill level 1 in Long Blades
  8775 | D:6      | Found a staircase to the Ecumenical Temple.
  8784 | Temple   | Entered the Ecumenical Temple
  9088 | D:6      | Reached skill level 7 in Bows
  9389 | D:6      | Reached * piety under Okawaru
  9430 | D:6      | Reached XP level 8. HP: 36/46 MP: 8/10
  9481 | D:6      | Noticed Edmund
  9893 | D:6      | Found a basalt altar of Yredelemnul.
  9959 | D:6      | HP: 2/46 [Edmund/flail of protection (7)]
  9991 | D:6      | HP: 1/46 [Edmund/flail of protection (6)]
 10536 | D:7      | Found a radiant altar of Vehumet.
 10538 | D:7      | Found a shimmering altar of Xom.
 10857 | D:7      | Found a sand-covered staircase.
 10874 | Ossuary  | Entered an ossuary
 10994 | Ossuary  | Reached skill level 8 in Bows
 11275 | Ossuary  | Reached ** piety under Okawaru
 11565 | D:7      | Found an ancient bone altar of Kikubaaqudgha.
 13225 | D:5      | Killed Blork the orc
 13345 | D:4      | Found a runed door.
 13349 | D:4      | Noticed Crazy Yiuf
 13374 | D:4      | Killed Crazy Yiuf
 14167 | D:7      | Reached XP level 9. HP: 50/50 MP: 8/11
 14490 | D:8      | Reached skill level 5 in Long Blades
 14748 | D:8      | Reached skill level 9 in Bows
 14875 | D:8      | Found a white marble altar of Elyvilon.
 15379 | D:9      | Noticed a troll
 15578 | D:9      | Reached skill level 10 in Stealth
 16316 | D:10     | Entered Level 10 of the Dungeon
 16329 | D:10     | Noticed a gargoyle
 16453 | D:10     | Found Qaik Daw's Armour Shop.
 16459 | D:10     | Found a staircase to the Orcish Mines.
 16595 | D:10     | Got a scorched chain mail
 16649 | D:10     | Noticed a gargoyle
 16853 | D:11     | Noticed a troll
 16936 | D:11     | Found a stormy altar of Qazlal.
 17088 | D:11     | Noticed a hill giant
 17341 | D:10     | Reached skill level 10 in Bows
 17996 | D:11     | Noticed a green ugly thing
 18161 | D:11     | Reached *** piety under Okawaru
 18161 | D:11     | Reached XP level 10. HP: 34/56 MP: 8/12
 18840 | D:11     | Learned a level 1 spell: Corona
 18843 | D:11     | Learned a level 2 spell: Ensorcelled Hibernation
 18847 | D:11     | Learned a level 3 spell: Confuse
 18928 | D:11     | Found a staircase to the Lair.
 19365 | D:9      | Reached skill level 1 in Hexes
 19471 | D:9      | Reached skill level 1 in Spellcasting
 20559 | Lair:1   | Entered Level 1 of the Lair of Beasts
 21114 | Lair:1   | Received a gift from Okawaru
 21130 | Lair:1   | Learned a level 3 spell: Tukima's Dance
 21134 | Lair:1   | Learned a level 3 spell: Dazzling Spray
 21492 | Lair:1   | Noticed a spiny frog
 21503 | Lair:1   | Killed a spiny frog
 21503 | Lair:1   | Reached skill level 1 in Conjurations
 21503 | Lair:1   | Reached skill level 1 in Ice Magic
 21506 | Lair:1   | Reached skill level 5 in Hexes
 21679 | Lair:1   | Reached **** piety under Okawaru
 21934 | Lair:1   | Noticed a black mamba
 21994 | Lair:1   | Killed a black mamba
 22177 | Lair:1   | Identified the +5 chain mail of the Wilderness {Int+5} (You found it on level 10 of the Dungeon)
 22463 | Lair:1   | Reached XP level 11. HP: 53/60 MP: 2/19
 23235 | Lair:2   | Found a labyrinth entrance.
 23304 | Lab      | Entered a labyrinth
 23689 | Lab      | Reached ***** piety under Okawaru
 23689 | Lab      | Reached skill level 11 in Bows
 23735 | Lab      | Mangled by an earth elemental

Skill      XL: |  1  2  3  4  5  6  7  8  9 10 11 |
---------------+----------------------------------+-----
Fighting       | 2 3 |  3.0
Dodging        | 3 |  3.0
Stealth        | 2 3 4 6 7 9 10 | 10.1
Bows           | 5 6 7 8 10 11 | 11.0
Long Blades    | 2 4 6 7 |  7.3
Hexes          | 7 9 |  9.0
Spellcasting   | 4 |  4.0
Conjurations   | 3 4 |  4.0
Ice Magic      | 3 |  3.1

Action                   |  1- 3 |  4- 6 |  7- 9 | 10-12 || total
-------------------------+-------+-------+-------+-------++-------
Melee: Short sword       |    76 |   164 |       |       ||   240
       Rapier            |       |   148 |    60 |       ||   208
       Falchion          |       |       |   486 |   329 ||   815
       Punch             |       |       |       |     1 ||     1
 Fire: Shortbow          |    33 |   106 |   290 |   236 ||   665
Throw: Stone             |     5 |     9 |     2 |       ||    16
 Cast: Confuse           |       |       |       |    39 ||    39
       Corona            |       |       |       |     7 ||     7
Invok: Heroism           |       |       |     9 |     6 ||    15
 Abil: Evoke Flight      |       |     1 |       |       ||     1
Evoke: Wand              |       |       |     8 |       ||     8
  Use: Scroll            |       |     8 |    12 |     4 ||    24
       Potion            |       |       |     1 |     2 ||     3
 Stab: Sleeping          |     1 |    14 |    15 |     4 ||    34
       Distracted        |     1 |       |     2 |       ||     3
       Confused          |       |       |       |    25 ||    25
  Eat: Chunk             |     2 |    19 |    25 |    14 ||    60
       Fruit             |       |       |     4 |     1 ||     5
       Pizza             |       |       |     3 |       ||     3
       Beef jerky        |       |       |     1 |     3 ||     4
       Meat ration       |       |       |       |     1 ||     1
Armor: Leather armour    |    31 |   121 |    11 |       ||   163
       Robe              |       |       |    72 |    17 ||    89
       Ring mail         |       |       |    61 |    48 ||   109
Dodge: Dodged            |    63 |   267 |   481 |   202 ||  1013
       Rpst.: Falchion   |       |       |   112 |    56 ||   168
